 Dungeon Crawl Stone Soup version 0.30-a0-924-g0ad0bf95bc (webtiles) character file.

Game seed: 10616628102918033029

490 ZappyNine the Vexing (level 7, 0/52 HPs)
             Began as a Gnoll Hexslinger on Mar 22, 2023.
             Slain by an orc
             ... wielding a +0 trident
              (5 damage)
             ... on level 6 of the Dungeon.
             The game lasted 00:06:27 (2855 turns).

ZappyNine the Vexing (Gnoll Hexslinger)             Turns: 2855, Time: 00:06:27

Health: 0/52       AC:  4    Str: 11    XL:     7   Next: 14%
Magic:  21/21      EV: 14    Int: 13    God:
Gold:   159        SH:  5    Dex: 17    Spells: 10/13 levels left

rFire   + . .      SeeInvis .    l - +6 falchion "Fish" {heavy, rF+ Will- Dex+5 Stlth+}
rCold   . . .      Faith    .    u - +0 buckler
rNeg    . . .      Spirit   .    c - +0 robe
rPois   .          Reflect  .    t - +0 helmet
rElec   .          Rampage  .    (no cloak)
rCorr   .                        (no gloves)
Will    .....                    x - +0 pair of boots
Stlth   +++                      (no amulet)
HPRegen 0.28/turn                z - ring of magical power
MPRegen 0.17/turn                (no ring)

@: wereblooded
A: fangs 1, strong nose, distributed training
a: no special abilities


You were on level 6 of the Dungeon.
You visited 1 branch of the dungeon, and saw 6 of its levels.

You collected 236 gold pieces.
You spent 77 gold pieces at shops.

Inventory:

Hand Weapons
 a - a +1 sling
 l - the +6 falchion "Fish" (weapon) {heavy, rF+ Will- Dex+5 Stlth+}
   (You found it on level 2 of the Dungeon)

   Dex:       It affects your dexterity (+5).
   rF:        It protects you from fire.
   Will:      It decreases your willpower.
   Stlth:     It makes you more stealthy.
Armour
 c - a +0 robe (worn)
 t - a +0 helmet (worn)
 u - a +0 buckler (worn)
 x - a +0 pair of boots (worn)
Jewellery
 z - a ring of magical power (left hand)
Wands
 y - a wand of quicksilver (7)
Scrolls
 b - a scroll of poison
 d - 2 scrolls of teleportation {unknown}
 g - a scroll of fear {unknown}
 i - 6 scrolls of identify
 j - 2 scrolls of blinking {unknown}
 n - a scroll of enchant armour {unknown}
 r - a scroll of torment {unknown}
 s - a scroll of amnesia {unknown}
Potions
 e - 3 potions of curing {unknown}
 f - 3 potions of brilliance {unknown}
 h - 2 potions of flight {unknown}
 k - 2 potions of lignification {unknown}
 m - 2 potions of degeneration {unknown}
 o - a potion of mutation {unknown}
 p - a potion of heal wounds
 q - a potion of attraction {unknown}
 v - a potion of resistance {unknown}
 w - a potion of magic {unknown}


   Skills:
 + Level 3.5 Fighting
 + Level 2.3 Short Blades
 + Level 2.3 Long Blades
 + Level 2.3 Axes
 + Level 2.3 Maces & Flails
 + Level 2.3 Polearms
 + Level 2.3 Staves
 + Level 5.2 Ranged Weapons
 + Level 2.3 Throwing
 + Level 2.3 Armour
 + Level 5.2 Dodging
 + Level 2.3 Stealth
 + Level 2.3 Shields
 + Level 2.3 Unarmed Combat
 + Level 3.7 Spellcasting
 + Level 1.9 Conjurations
 + Level 5.8 Hexes
 + Level 1.9 Summonings
 + Level 1.9 Necromancy
 + Level 1.9 Translocations
 + Level 1.9 Transmutations
 + Level 1.9 Fire Magic
 + Level 1.9 Ice Magic
 + Level 1.9 Air Magic
 + Level 1.9 Earth Magic
 + Level 1.9 Poison Magic
 + Level 2.6 Invocations
 + Level 2.3 Evocations


You had 10 spell levels left.
You knew the following spells:

 Your Spells              Type           Power      Damage    Failure   Level
a - Slow                  Hex            68%        N/A       2%          1
b - Wereblood             Tmut           7%         N/A       19%         2

Your spell library contained the following spells:

 Spells                   Type           Power      Damage    Failure   Level
 Beastly Appendage        Tmut           14%        N/A       13%         1
 Freeze                   Ice            28%        1d5       13%         1
 Sandblast                Erth           14%        2d6       13%         1
 Inner Flame              Hex/Fire       12%        N/A       17%         3
 Portal Projectile        Hex/Tloc       24%        N/A       17%         3
 Passwall                 Tmut/Erth      5%         N/A       19%         2
 Cause Fear               Hex            8%         N/A       26%         4
 Frozen Ramparts          Ice            14%        1d3       36%         3
 Hailstorm                Conj/Ice       7%         3d4       36%         3
 Spider Form              Tmut/Pois      7%         N/A       36%         3
 Stone Arrow              Conj/Erth      14%        3d7       36%         3
 Conjure Ball Lightning   Conj/Air       3%         3x3d6     100%        6
 Discord                  Hex            8%         N/A       100%        8
 Disjunction              Tloc           3%         N/A       100%        8


Dungeon Overview and Level Annotations

Branches:
Dungeon (6/15)
 Temple: D:4-7

Altars:
Gozag
Sif Muna

Shops:
D:3 *


Innate Abilities, Weirdness & Mutations

You have very sharp teeth.
Your uncanny sense of smell can sniff out nearby items.
Your experience applies equally to all skills.


Message History

The orc wizard hits you but does no damage. x2
You slice the orc wizard!!
You kill the orc wizard!
The orc warrior hits you with a +0 hand axe.
The orc barely misses you.
You barely miss the orc warrior.
The orc warrior hits you with a +0 hand axe!
The orc barely misses you.
The orc hits you from afar with a +0 trident.
The orc warrior hits you with a +0 hand axe!
You are too injured to fight recklessly!
You are too injured to fight recklessly!
You are too injured to fight recklessly!
You are too injured to fight recklessly!
You are too injured to fight recklessly!
You are too injured to fight recklessly!
You are too injured to fight recklessly!
You are too injured to fight recklessly!
You are too injured to fight recklessly!
You are too injured to fight recklessly!
You are too injured to fight recklessly!
You are too injured to fight recklessly!
You are too injured to fight recklessly!
You are too injured to fight recklessly!
You are too injured to fight recklessly!
You are too injured to fight recklessly!
You are too injured to fight recklessly!
You are too injured to fight recklessly!
You barely miss the orc warrior. Your bite misses the orc warrior.
The orc warrior hits you with a +0 hand axe!
* * * LOW HITPOINT WARNING * * *
The orc closely misses you. You block the orc's attack.
The orc warrior hits you with a +0 hand axe.
* * * LOW HITPOINT WARNING * * *
You slash the orc warrior!
The orc warrior is moderately wounded.
You howl as the wereblood boils in your veins!
The orc warrior barely misses you.
The orc hits you from afar with a +0 trident.
You die...

#.# #.# #.# #.#
##.### #....
#..#
##..##########
###.....@oooo...
#...<.##########
........##
####.##.# #. #.#
. #.# .. #.# ..
#.# ...


You could see an orc warrior and 3 orcs.

Vanquished Creatures
  An ice beast (D:6)
  A centaur (D:5)
  Blork the orc (D:5)
  A scorpion (D:5)
  Terence (D:2)
  An orc wizard (D:6)
  5 adders
  An ufetubus (D:5)
  A worm (D:5)
  2 dart slugs
  14 orcs
  8 bats
  6 endoplasms
  2 giant cockroaches (D:1)
  2 goblins
  8 hobgoblins
  2 jackals (D:5)
  3 quokkas
  3 ball pythons
  2 frilled lizards
  4 kobolds
  5 rats
74 creatures vanquished.

Notes
Turn   | Place    | Note
-------+----------+-------------------------------------------
     0 | D:1      | ZappyNine the Gnoll Hexslinger began the quest for the Orb.
     0 | D:1      | Reached XP level 1. HP: 17/17 MP: 4/4
    46 | D:1      | Reached XP level 2. HP: 23/23 MP: 5/5
   321 | D:1      | Reached XP level 3. HP: 28/28 MP: 7/7
   530 | D:2      | Noticed Terence
   542 | D:2      | Killed Terence
   543 | D:2      | Reached skill level 1 in Short Blades
   543 | D:2      | Reached skill level 1 in Long Blades
   543 | D:2      | Reached skill level 1 in Axes
   543 | D:2      | Reached skill level 1 in Maces & Flails
   543 | D:2      | Reached skill level 1 in Polearms
   543 | D:2      | Reached skill level 1 in Staves
   543 | D:2      | Reached skill level 1 in Throwing
   543 | D:2      | Reached skill level 1 in Armour
   543 | D:2      | Reached skill level 1 in Stealth
   543 | D:2      | Reached skill level 1 in Shields
   543 | D:2      | Reached skill level 1 in Unarmed Combat
   543 | D:2      | Reached skill level 1 in Invocations
   543 | D:2      | Reached skill level 1 in Evocations
   593 | D:2      | Identified the +6 falchion "Fish" {heavy, rF+ Will- Dex+5
                  | Stlth+}
   771 | D:2      | Reached XP level 4. HP: 34/34 MP: 8/8
   935 | D:2      | Reached skill level 1 in Conjurations
   935 | D:2      | Reached skill level 1 in Summonings
   935 | D:2      | Reached skill level 1 in Necromancy
   935 | D:2      | Reached skill level 1 in Translocations
   935 | D:2      | Reached skill level 1 in Transmutations
   935 | D:2      | Reached skill level 1 in Fire Magic
   935 | D:2      | Reached skill level 1 in Ice Magic
   935 | D:2      | Reached skill level 1 in Air Magic
   935 | D:2      | Reached skill level 1 in Earth Magic
   935 | D:2      | Reached skill level 1 in Poison Magic
  1363 | D:3      | Found Xovaf's General Store.
  1370 | D:3      | Bought a potion of heal wounds for 55 gold pieces
  1370 | D:3      | Bought a scroll of identify for 22 gold pieces
  1397 | D:3      | Learned a level 2 spell: Wereblood
  1465 | D:3      | Reached XP level 5. HP: 27/40 MP: 9/9
  1542 | D:3      | Found an opulent altar of Gozag.
  1740 | D:3      | Found a shimmering blue altar of Sif Muna.
  1823 | D:4      | You fall into a shaft and drop 1 floor!
  1823 | D:5      | Entered Level 5 of the Dungeon
  1979 | D:5      | Noticed a centaur
  1985 | D:5      | Killed a centaur
  2139 | D:5      | Reached skill level 5 in Ranged Weapons
  2139 | D:5      | Reached skill level 5 in Dodging
  2139 | D:5      | Reached XP level 6. HP: 40/47 MP: 11/11
  2320 | D:5      | Noticed Blork the orc
  2332 | D:5      | Killed Blork the orc
  2840 | D:6      | Noticed an ice beast
  2844 | D:6      | Killed an ice beast
  2845 | D:6      | Reached XP level 7. HP: 52/52 MP: 12/12
  2855 | D:6      | Slain by an orc

Illustrated notes

Levels and vault maps discovered:
D:1:      eino_arrival_water_star, layout_rooms
D:2:      layout_basic, uniq_terence
D:3:      layout_basic, nicolae_gozag_seed_capital, lemuel_blue_sif_altar,
          serial_shops, shop, minmay_door_square
D:4:      layout_basic, minmay_temple_entry_proselytizer, minmay_misc_feat_doors
D:5:      layout_basic, uniq_blork_the_orc
D:6:      layout_loops_ring, nicolae_overflow_crystal_walls, uniq_pikel

Skill      XL: |  1  2  3  4  5 |
---------------+----------------+-----
Short Blades   | 1 2 |  2.3
Long Blades    | 1 2 |  2.3
Axes           | 1 2 |  2.3
Maces & Flails | 1 2 |  2.3
Polearms       | 1 2 |  2.3
Staves         | 1 2 |  2.3
Throwing       | 1 2 |  2.3
Armour         | 1 2 |  2.3
Stealth        | 1 2 |  2.3
Shields        | 1 2 |  2.3
Unarmed Combat | 1 2 |  2.3
Invocations    | 1 2 |  2.6
Evocations     | 1 2 |  2.3
Spellcasting   | 3 |  3.7
Conjurations   | 1 |  1.9
Summonings     | 1 |  1.9
Necromancy     | 1 |  1.9
Translocations | 1 |  1.9
Transmutations | 1 |  1.9
Fire Magic     | 1 |  1.9
Ice Magic      | 1 |  1.9
Air Magic      | 1 |  1.9
Earth Magic    | 1 |  1.9
Poison Magic   | 1 |  1.9
Fighting       | 3 |  3.5
Ranged Weapons | 5 |  5.2
Dodging        | 5 |  5.2
Hexes          | |  5.8

Action                     |  1- 3 |  4- 6 |  7- 9 || total
---------------------------+-------+-------+-------++-------
  Melee: Falchion          |     2 |    93 |     6 ||   101
         Punch             |       |     1 |       ||     1
         Bite              |       |     3 |       ||     3
   Fire: Sling             |    81 |       |       ||    81
   Cast: Slow              |     4 |       |       ||     4
         Wereblood         |       |     1 |     1 ||     2
    Use: Potion            |       |     1 |       ||     1
   Stab: Sleeping          |       |     8 |       ||     8
 Armour: Robe              |    11 |    23 |     4 ||    38
  Dodge: Dodged            |    49 |    99 |     6 ||   154
  Block: Buckler           |       |     8 |     2 ||    10

Table legend: (Time is in decaauts)
 A = Elapsed time spent in this place.
 B = Non-inter-level travel time spent in this place.
 C = Inter-level travel time spent in this place.
 D = Time resting spent in this place.
 E = Time spent auto-exploring this place.
 F = Levels seen in this place.
 G = Mean time per level.
                   A        B        C        D        E       F      G
               +--------+--------+--------+--------+--------+-----+--------+
         Total |   2955 |   2834 |    121 |     32 |   2224 |   6 |  492.5 |
       Dungeon |   2955 |   2834 |    121 |     32 |   2224 |   6 |  492.5 |
               +--------+--------+--------+--------+--------+-----+--------+

Top non-repeatable levels by time:
     D:5: 1051 daAuts
     D:2: 706 daAuts
     D:3: 619 daAuts
     D:1: 535 daAuts
     D:6: 20 daAuts
     D:4: 20 daAuts
